 Dungeon Crawl Stone Soup version 0.31-a0-187-gba352fbbf7 (webtiles) character file.

Game seed: 7054959780061269692

102 qw the Shooter (level 4, -2/25 HPs)
             Began as a Deep Elf Hunter on June 22, 2023.
             Slain by an orc wizard
             ... wielding a +0 dagger
              (3 damage)
             ... on level 3 of the Dungeon.
             The game lasted 00:00:33 (1514 turns).

qw the Shooter (Deep Elf Hunter)                    Turns: 1514, Time: 00:00:34

Health: -2/25      AC:  3    Str: 10    XL:     4   Next: 50%
Magic:  6/6        EV: 12    Int: 14    God:
Gold:   60         SH:  0    Dex: 18    Spells: 3/3 levels left

rFire   . . .        Y - +0 shortbow
rCold   . . .        (shield currently unavailable)
rNeg    . . .        c - +0 leather armour
rPois   .            (no helmet)
rElec   .            (no cloak)
rCorr   .            (no gloves)
SInv    .            (no boots)
Will    .....        (no amulet)
Stlth   +            (no ring)
HPRegen 0.24/turn    (no ring)
MPRegen 0.10/turn

%: no passive effects
@: confused
A: no striking features
a: no special abilities


You were on level 3 of the Dungeon.
You visited 1 branch of the dungeon, and saw 3 of its levels.

You collected 60 gold pieces.


   Skills:
 - Level 1.5 Fighting
 + Level 7.9 Ranged Weapons
 - Level 2.4 Dodging
 - Level 1.2 Stealth


You had 3 spell levels left.
You didn't know any spells.
Your spell library was empty.

Inventory:

Hand Weapons
 Y - a +0 shortbow (weapon)
Armour
 c - a +0 leather armour (worn)
Scrolls
 a - a scroll of identify
Potions
 d - a potion of degeneration {unknown}
 h - 3 potions of haste

Dungeon Overview and Level Annotations

Branches:
Dungeon (3/15)

Altars:
Makhleb


Message History

You are confused.
An orc priest comes into view. It is wielding a +0 club.
The orc priest shouts!
An orc comes into view. It is wielding a +0 trident.
The orc priest calls down the wrath of Beogh upon you.
Beogh smites you!
Ouch! That really hurt!
You feel less confused.
1501 ||| Stepping ~*~*~tactically~*~*~ (outnumbered).
Enter note:
Enter note: You start resting.
An orc priest is nearby!
You shoot an arrow. The arrow hits the orc priest.
The orc priest is lightly wounded.
You shoot an arrow. The arrow hits the orc wizard.
The orc wizard is moderately wounded.
The orc wizard gestures wildly while chanting.
The orc wizard flickers and vanishes!
Deactivating autopickup; reactivate with Ctrl-A.
1506 ||| Stepping ~*~*~tactically~*~*~ (outnumbered).
You shoot an arrow. The arrow hits the orc priest.
The orc priest is moderately wounded.
You shoot an arrow. The arrow hits the orc priest.
The orc priest is heavily wounded.
The orc priest hits you with a +0 club.
You shoot an arrow. The arrow hits the orc priest!
You kill the orc priest!
You hear some strange, mumbled words.
You are confused.
The orc barely misses you. The orc closely misses you. Something hits you.
The orc hits you from afar with a +0 trident.
Something hits you but does no damage. The orc misses you.
You hear some strange, mumbled words.
Something tries to affect you, but you resist.
The orc hits you from afar with a +0 trident!
Something hits you.
You die...

.. ### ##o #....o
#######.#.o ..
#......o#.#### #.
#............ ..
#.#.##.........# .# #
#.....<.....o######.#.##
..............{@.....#...
.....###......###.....###.
.### #......###.........
........))...........
##.####.####......... #
.... #......### ......
#......# #.......#.....##
....._.........#


You could see an orc.

Vanquished Creatures
  An orc priest (D:3)
  3 adders (D:2)
  A worm (D:2)
  4 orcs
  3 bats (D:2)
  6 endoplasms
  A giant cockroach (D:1)
  4 goblins
  2 hobgoblins (D:2)
  A quokka (D:1)
  5 ball pythons
  3 frilled lizards
  2 kobolds (D:1)
  6 rats
42 creatures vanquished.

Notes
Turn   | Place    | Note
-------+----------+-------------------------------------------
     0 | D:1      | qw the Deep Elf Hunter began the quest for the Orb.
     0 | D:1      | Reached XP level 1. HP: 12/12 MP: 3/3
     0 | D:1      | 0 ||| qw: Version: 0.3-a-9-g12657ce
     0 | D:1      | 0 ||| qw: Game counter: 2123
     0 | D:1      | 0 ||| qw: Always use a shield: true
     0 | D:1      | 0 ||| qw: God list: Okawaru
     0 | D:1      | 0 ||| qw: Allow faded altars: false
     0 | D:1      | 0 ||| qw: Do Orc after D:15 true
     0 | D:1      | 0 ||| qw: Do second Lair branch before Depths: true
     0 | D:1      | 0 ||| qw: Lair rune preference: random
     0 | D:1      | 0 ||| qw: Plans: Normal
     0 | D:1      | 0 ||| PLANNING D:1-11
   231 | D:1      | Found a faded altar of an unknown god.
   338 | D:1      | Reached skill level 6 in Ranged Weapons
   338 | D:1      | Reached XP level 2. HP: 16/16 MP: 4/4
   583 | D:1      | 583 ||| DROPPING +6 ring of intelligence.
   584 | D:1      | 584 ||| READING 2 scrolls labelled ZAURAGU HUOQO.
   585 | D:1      | 585 ||| READING 2 scrolls labelled RIZXIR WABROE.
   586 | D:1      | 586 ||| READING scroll labelled KEOZUFR XOUFF.
   589 | D:1      | 589 ||| DRINKING 2 clear potions.
   590 | D:1      | 590 ||| DROPPING scroll of butterflies.
   591 | D:1      | 591 ||| DROPPING scroll of amnesia.
   712 | D:2      | Reached XP level 3. HP: 20/20 MP: 5/5
   829 | D:2      | Reached skill level 7 in Ranged Weapons
  1327 | D:3      | 1327 ||| STAIRDANCE
  1327 | D:3      | HP: 5/20 [orc/+0 club (1)]
  1329 | D:2      | 1329 ||| READING scroll of teleportation.
  1332 | D:2      | Reached XP level 4. HP: 5/25 MP: 6/6
  1470 | D:3      | Found a burning altar of Makhleb.
  1501 | D:3      | 1501 ||| Stepping ~*~*~tactically~*~*~ (outnumbered).
  1506 | D:3      | 1506 ||| Stepping ~*~*~tactically~*~*~ (outnumbered).
  1513 | D:3      | HP: 1/25 [orc/+0 trident (8)]
  1514 | D:3      | Slain by an orc wizard

Levels and vault maps discovered:
D:1:      minmay_arrival_wavy_path, layout_loops_ring,
          ebering_ecumenical_altar_webs
D:2:      layout_loops_ring
D:3:      layout_basic, nicolae_yredelemnul_ghost_church, old_standard_altar,
          serial_shops, shop, hangedman_decor_slide_cut, kennysheep_flooded_box,
          minmay_stone_trees_small

Skill      XL: |  1  2  3 |
---------------+----------+-----
Ranged Weapons | 6 7 |  7.9
Fighting       | |  1.5
Dodging        | |  2.4
Stealth        | |  1.2

Action                     |  1- 3 |  4- 6 || total
---------------------------+-------+-------++-------
   Fire: Shortbow          |   118 |    16 ||   134
    Use: Scroll            |     4 |       ||     4
         Potion            |     1 |       ||     1
 Armour: Leather armour    |    15 |     1 ||    16
  Dodge: Dodged            |    50 |     3 ||    53

Table legend:
 A = Non-vault XP
 B = Vault XP
 C = Vault XP percentage of total XP
 D = Non-vault monster count
 E = Vault monster count
 F = Vault count percentage of total count
                 A         B        C        D         E       F
            +---------+---------+-------+---------+---------+-------
      Total |     147 |       0 |   0.0 |      42 |       0 |   0.0
            +---------+---------+-------+---------+---------+-------
        D:1 |      22 |       0 |   0.0 |      14 |       0 |   0.0
        D:2 |      78 |       0 |   0.0 |      24 |       0 |   0.0
        D:3 |      47 |       0 |   0.0 |       4 |       0 |   0.0
            +---------+---------+-------+---------+---------+-------
